 Dungeon Crawl Stone Soup version 0.22.1-2-g9c5b331 (webtiles) character file.

2471 dvd the Basher (level 9, -2/88 HPs)
             Began as a Troll Monk on Nov 24, 2018.
             Was a Believer of Wu Jian.
             Slain by Erica
             ... wielding a +4 scimitar of flaming
              (11 damage)
             ... on level 8 of the Dungeon.
             The game lasted 00:17:58 (6186 turns).

dvd the Basher (Troll Monk)                         Turns: 6186, Time: 00:17:58

Health: -2/88      AC: 10    Str: 21    XL:     9   Next: 26%
Magic:  8/8        EV: 13    Int:  6    God:    Wu Jian [**....]
Gold:   155        SH:  5    Dex: 15    Spells: 8/8 levels left

rFire    . . .     SeeInvis .   i - +0 flail (drain)
rCold    . . .     Gourm    +   (no shield)
rNeg     . . .     Faith    .   y - +1 robe "Denosoh" {rPois}
rPois    +         Spirit   .   (helmet restricted)
rElec    .         Reflect  +   o - +1 cloak
rCorr    .         Harm     .   (gloves unavailable)
MR       .....                  (boots unavailable)
Stlth    ++........             r - +5 amulet of reflection
HPRegen  0.64/turn              (no ring)
MPRegen  0.11/turn              (no ring)

@: about to teleport, hasted, very quick
A: large, unfitting armour, claws 3, iridescent scales 1, blink, blurry vision
1, fast metabolism 3, gourmand, regeneration 1, shaggy fur 1, tough skin 2
a: Blink, Wall Jump, Renounce Religion


You were on level 8 of the Dungeon.
You worshipped Wu Jian.
Wu Jian was pleased with you.
You were hungry.

You visited 2 branches of the dungeon, and saw 8 of its levels.

You collected 275 gold pieces.
You spent 120 gold pieces at shops.

Inventory:

Hand Weapons
 a - a +2 halberd of freezing
 i - a +0 flail of draining (weapon)
 B - a +0 hand axe
Missiles
 x - 8 large rocks (quivered)
 C - 2 javelins of penetration
 E - 6 exploding tomahawks
Armour
 o - a +1 cloak (worn)
 y - the +1 robe "Denosoh" (worn) {rPois}
   (You found it on level 4 of the Dungeon)

   It protects you from poison.
Magical Staves
 I - an uncursed staff of poison
Jewellery
 r - a +5 amulet of reflection (around neck)
Wands
 b - a wand of flame (14)
 p - a wand of polymorph (7)
 G - a wand of random effects (24)
Scrolls
 d - 4 scrolls of remove curse
 f - 9 scrolls of identify
Potions
 g - 2 potions of curing
 h - 2 potions of brilliance {unknown}
 j - a potion of agility {unknown}
 k - a potion of might {unknown}
 l - a potion of cancellation {unknown}
 q - 2 potions of magic {unknown}
 v - a potion of haste
 z - 5 potions of degeneration {unknown}
 A - a potion of berserk rage {unknown}
 F - a potion of flight {unknown}
Comestibles
 c - 11 rations


   Skills:
 + Level 5.1 Fighting
 + Level 8.4 Maces & Flails
 + Level 2.5 Throwing
 + Level 5.3 Dodging
 + Level 2.1 Stealth


You had 8 spell levels left.
You didn't know any spells.
Your spell library contained the following spells:

 Spells                   Type           Power        Failure   Level  Hunger
 Corona                   Hex            #......      45%         1    ##.....
 Ensorcelled Hibernation  Hex/Ice        #.....       58%         2    ###....
 Confuse                  Hex            #.......     83%         3    ####...
 Dazzling Spray           Conj/Hex       #.....       83%         3    ####...
 Tukima's Dance           Hex            #.......     83%         3    ####...


Dungeon Overview and Level Annotations

Branches:
Dungeon (6/15)             Temple (1/1) D:5

Altars:
Ashenzari
Cheibriados
Dithmenos
Fedhas
Gozag
Kikubaaqudgha
Nemelex Xobeh
Okawaru
Qazlal
Sif Muna
Uskayaw
Vehumet
Wu Jian
Xom
Yredelemnul
The Shining One

Shops:
D:5 *   D:6 }*

Annotations:
D:5 thomasnlv21's ghost, novice MiBe
D:8 Erica


Innate Abilities, Weirdness & Mutations

You are too large for most types of armour.
You have claws for hands.
Your metabolism is lightning-fast.
You like to eat raw meat.
Your natural rate of healing is unusually fast.
You are covered in fur. (AC +1)
You have very tough skin. (AC +2)
You are partially covered in iridescent scales. (AC +2)
You can translocate small distances at will.
Scrolls take you a little longer to read.


Message History

The black bear is severely wounded.
The worker ant zombie bites the freed slave but does no damage.
The freed slave barely misses the worker ant zombie.
You block the black bear's attack. x2; The black bear claws you.
* * * LOW HITPOINT WARNING * * *
You spin and attack the black bear.
You thump the black bear!
You kill the black bear!
The Council accepts your kill.
The freed slave closely misses something.
Something hits you.
* * * LOW HITPOINT WARNING * * *
Something burns you.
* * * LOW HITPOINT WARNING * * *
Something misses the freed slave.
You closely miss the jackal. The jackal misses you.
The freed slave hits something.
The freed slave hits something but does no damage.
Unknown command.
You closely miss something. The jackal barely misses you. Something hits you!
You die...

######
#..†.####
+..)pph(#
#..pZ#{@#
##..#####
#''# ....%
.......%
.@.P.......
..%.%.......
...#######..#
.## #.#


You could see a jackal and 2 neutral freed slaves.

Vanquished Creatures
  Pikel (D:8)
  Prince Ribbit (D:5)
  An orc warrior (D:6)
  A sky beast (D:6)
  A slave (D:8)
  A black bear (D:8)
  2 ogres
  2 centaurs
  3 bullfrogs
  A big kobold (D:8)
  A wyvern skeleton (D:6)
  The ghost of Paps the Sneak, a weakling DsAs (D:3)
  3 wights (D:6)
  3 crimson imps
  4 hounds
  An orc wizard (D:5)
  5 orc priests
  4 worker ants
  A killer bee zombie (D:6)
  8 adders
  8 gnolls (D:5)
  A shadow imp (D:6)
  An ooze (D:5)
  An adder zombie (D:5)
  2 worms
  A dart slug (D:3)
  10 orcs
  6 giant cockroaches
  6 hobgoblins
  21 jackals
  3 quokkas
  2 ball pythons (D:1)
  4 bats
  3 frilled lizards
  10 goblins
  6 kobolds
  A quokka zombie (D:5)
  8 rats
139 creatures vanquished.

Vanquished Creatures (others)
  An orc (D:8)
  A jackal (D:8)
2 creatures vanquished.

Grand Total: 141 creatures vanquished

Notes
Turn   | Place    | Note
-------+----------+-------------------------------------------
     0 | D:1      | dvd the Troll Monk began the quest for the Orb.
     0 | D:1      | Reached XP level 1. HP: 22/22 MP: 0/0
   334 | D:1      | Reached XP level 2. HP: 29/29 MP: 1/1
   578 | D:1      | Reached skill level 3 in Maces & Flails
   797 | D:2      | Reached XP level 3. HP: 34/36 MP: 2/2
  1147 | D:2      | Found an ancient bone altar of Kikubaaqudgha.
  1233 | D:2      | Reached XP level 4. HP: 45/45 MP: 3/3
  1918 | D:3      | Found a runed door.
  2052 | D:3      | Noticed Paps's ghost (weakling DsAs)
  2077 | D:3      | Killed Paps's ghost
  2077 | D:3      | Reached XP level 5. HP: 46/53 MP: 4/4
  2380 | D:4      | Noticed a troll
  2542 | D:3      | Reached skill level 4 in Maces & Flails
  2861 | D:4      | Found a sparkling altar of Nemelex Xobeh.
  3000 | D:4      | Reached XP level 6. HP: 36/61 MP: 5/5
  3078 | D:4      | Found a shadowy altar of Dithmenos.
  3309 | D:4      | Got a brightly glowing robe
  3320 | D:4      | Identified the cursed +1 robe "Denosoh" {rPois} (You found
                  | it on level 4 of the Dungeon)
  3508 | D:5      | Entered Level 5 of the Dungeon
  3546 | D:4      | Reached skill level 5 in Maces & Flails
  3546 | D:4      | Reached skill level 1 in Throwing
  3599 | D:5      | Reached XP level 7. HP: 66/67 MP: 6/6
  3909 | D:5      | Found a staircase to the Ecumenical Temple.
  3914 | Temple   | Entered the Ecumenical Temple
  4303 | Temple   | Became a worshipper of the Wu Jian Council
  4303 | Temple   | Reached * piety under Wu Jian
  4303 | Temple   | Reached ** piety under Wu Jian
  4493 | D:5      | Noticed Prince Ribbit
  4510 | D:5      | Killed Prince Ribbit
  4510 | D:5      | Reached skill level 6 in Maces & Flails
  4537 | D:5      | Found Enimoc's General Store.
  4543 | D:5      | Bought 5 large rocks for 42 gold pieces
  4543 | D:5      | Bought a potion of curing for 36 gold pieces
  4569 | D:5      | Found a runed door.
  4571 | D:5      | Noticed thomasnlv21's ghost (novice MiBe)
  5067 | D:6      | Reached XP level 8. HP: 58/78 MP: 7/7
  5079 | D:6      | Found a hide-covered altar of Uskayaw.
  5405 | D:6      | Reached skill level 7 in Maces & Flails
  5516 | D:6      | Found Ruyxoygg's Gadget Shop.
  5662 | D:6      | Reached skill level 5 in Dodging
  5851 | D:6      | Found Daonlat's General Store.
  5859 | D:6      | Bought a scroll of teleportation for 42 gold pieces
  5870 | D:6      | Gained mutation: You are partially covered in iridescent
                  | scales. (AC +2) [potion of mutation]
  5870 | D:6      | Gained mutation: Scrolls take you a little longer to read.
                  | [potion of mutation]
  5870 | D:6      | Gained mutation: You can translocate small distances at
                  | will. [potion of mutation]
  6111 | D:6      | You fall through a shaft for 2 floors!
  6129 | D:8      | Noticed Erica
  6129 | D:8      | Noticed Pikel
  6155 | D:8      | Reached skill level 5 in Fighting
  6155 | D:8      | Reached XP level 9. HP: 62/88 MP: 8/8
  6178 | D:8      | Killed Pikel
  6178 | D:8      | Reached skill level 8 in Maces & Flails
  6186 | D:8      | Slain by Erica

Skill      XL: |  1  2  3  4  5  6  7  8  9 |
---------------+----------------------------+-----
Maces & Flails | 3 4 5 6 7 8 |  8.4
Fighting       | 3 4 5 |  5.1
Dodging        | 3 4 5 |  5.3
Throwing       | 1 2 |  2.5
Stealth        | 2 |  2.1

Action                   |  1- 3 |  4- 6 |  7- 9 || total
-------------------------+-------+-------+-------++-------
Melee: Mace              |   135 |   161 |       ||   296
       Flail             |       |    49 |   258 ||   307
Throw: Large rock        |     3 |    14 |     8 ||    25
       Javelin           |       |     3 |     9 ||    12
Invok: Whirlwind         |       |       |    57 ||    57
       Wall Jump         |       |       |    11 ||    11
       Lunge             |       |       |    10 ||    10
Evoke: Wand              |       |       |     1 ||     1
  Use: Scroll            |       |       |    10 ||    10
       Potion            |       |       |     3 ||     3
 Stab: Sleeping          |       |       |     3 ||     3
       Distracted        |       |       |     1 ||     1
  Eat: Chunk             |    16 |    20 |    19 ||    55
Armor: Robe              |    71 |    71 |    66 ||   208
Dodge: Dodged            |    94 |   162 |   143 ||   399
Block: Other             |       |    60 |    50 ||   110
       Reflection        |       |       |     2 ||     2
